 Dungeon Crawl Stone Soup version 0.29.1-1-gd02db6906a (webtiles) character file.

Game seed: 7408761254131040302

676 raph the Ruffian (level 7, 0/63 (66) HPs)
             Began as a Troll Transmuter on Oct 14, 2022.
             Slain by a wight
             ... wielding a +2 falchion
              (9 damage)
             ... on level 4 of the Dungeon.
             The game lasted 00:06:29 (3991 turns).

raph the Ruffian (Troll Transmuter)                 Turns: 3991, Time: 00:06:30

HP:   0/63 (66)     AC:  4    Str: 19    XL:     7   Next: 33%
MP:   3/8           EV:  9    Int: 11    God:
Gold: 156           SH:  0    Dex: 10    Spells: 3/9 levels left

rFire   . . .      SeeInvis .     - Unarmed
rCold   . . .      Faith    .   (no shield)
rNeg    . . .      Spirit   .   a - +0 robe
rPois   .          Reflect  .   (helmet currently unavailable)
rElec   .          Harm     .   (no cloak)
rCorr   .          Rampage  .   (gloves unavailable)
Will    .....                   (boots unavailable)
Stlth   +.........              i - amulet of the acrobat
HPRegen 1.00/turn               (no ring)
MPRegen 0.11/turn               (no ring)

@: appendages (expiring), lightly drained
A: horns 2, talons 2, large, unfitting armour, claws 3, regeneration 1, shaggy
fur 1, tough skin 1
a: End Transformation


You were on level 4 of the Dungeon.
You had temporarily grown beastly horns and talons.
You visited 2 branches of the dungeon, and saw 5 of its levels.

You collected 156 gold pieces.

Inventory:

Missiles
 d - 3 javelins
Armour
 a - a +0 robe (worn)
Jewellery
 i - an amulet of the acrobat (around neck)
Scrolls
 c - 4 scrolls of identify
 f - 4 scrolls of blinking
Potions
 b - 3 potions of lignification
 e - a potion of haste
 g - 2 potions of curing
 h - a potion of heal wounds


   Skills:
 + Level 2.9 Fighting
 - Level 1.5 Dodging
 * Level 5.7 Unarmed Combat
 - Level 1.6 Spellcasting
 * Level 4.0 Transmutations


You had 3 spell levels left.
You knew the following spells:

 Your Spells              Type           Power      Damage    Failure   Level
a - Beastly Appendage     Tmut           18%        N/A       6%          1
b - Wereblood             Tmut           9%         N/A       9%          2
c - Spider Form           Tmut/Pois      5%         N/A       38%         3

Your spell library contained the following spells:

 Spells                   Type           Power      Damage    Failure   Level
 Portal Projectile        Hex/Tloc       0%         N/A       67%         3
 Tukima's Dance           Hex            0%         N/A       67%         3
 Ice Form                 Ice/Tmut       5%         N/A       80%         4
 Blade Hands              Tmut           4%         N/A       86%         5
 Corpse Rot               Necr/Pois/Air  0%         N/A       97%         4
 Dispel Undead            Necr           0%         3d6       97%         4
 Death Channel            Necr           0%         N/A       100%        6


Dungeon Overview and Level Annotations

Branches:
Dungeon (4/15)             Temple (1/1) D:4

Altars:
Ashenzari
Cheibriados
Dithmenos
Elyvilon
Hepliaklqana
Kikubaaqudgha
Uskayaw
Vehumet
Wu Jian
Lugonu


Innate Abilities, Weirdness & Mutations

You have temporarily grown beastly horns and talons.
You are too large for most types of armour.
You have claws for hands.
Your natural rate of healing is unusually fast.
You are covered in fur. (AC +1)
You have tough skin. (AC +1)


Message History

The wight barely misses you.
You scratch the wight but do no damage. Your claw misses the wight.
The wight is severely damaged.
The wight hits you with a +2 hand axe!
You feel drained.
Casting: Beastly Appendage (safe; 6% risk of failure)
Confirm with . or Enter, or press ? or * to list all spells.
You grow a pair of large bovine horns.
Your feet morph into talons.
The wight hits you with a +2 hand axe!
* * * LOW HITPOINT WARNING * * *
You feel drained.
* * * LOW HITPOINT WARNING * * *
You scratch the wight.
The wight is almost destroyed.
The wight closely misses you.
You scratch the wight but do no damage.
The wight is almost destroyed.
The wight barely misses you.
You scratch the wight.
You feel a bit better.
You destroy the wight!
You claw the goblin!
You feel a bit better.
You kill the goblin!
Your primal bloodlust has ended.
You scratch the wight but do no damage. Your kick misses the wight.
Your headbutt misses the wight. You closely miss the wight.
You headbutt the wight!
The wight is heavily damaged.
The wight hits you with a +3 falchion.
* * * LOW HITPOINT WARNING * * *
You scratch the wight but do no damage.
The wight is heavily damaged.
The wight hits you with a +3 falchion!
* * * LOW HITPOINT WARNING * * *
You claw the wight!
You destroy the wight!
Your transformation is almost over.
Your Transmutations skill increases to level 4!
You scratch the wight.
The wight is moderately damaged.
The wight hits you with a +2 falchion!
You die...

..... ... ... ...
#.# #.######## ##
#z##.....# ....
#@##.....# ....
#.##.....# #.##.#
#.##.....# #.#...
#.##.....####.....
#.......<'.# #..⌠
####.....#.####...
#.....#.#......
#.....#.#.##...
#######.#.##..⌠


You could see a wight.

Vanquished Creatures
  Sigmund (D:3)
  4 wights (D:4)
  3 hounds
  Jessica (D:3)
  5 gnolls
  4 adders
  An ufetubus (D:4)
  A dart slug (D:2)
  2 orcs
  4 ball pythons
  8 endoplasms
  3 giant cockroaches (D:1)
  13 hobgoblins
  4 jackals
  5 quokkas
  5 bats
  4 frilled lizards
  10 goblins
  8 kobolds
  9 rats
95 creatures vanquished.

Notes
Turn   | Place    | Note
-------+----------+-------------------------------------------
     0 | D:1      | raph the Troll Transmuter began the quest for the Orb.
     0 | D:1      | Reached XP level 1. HP: 18/18 MP: 1/1
   181 | D:1      | Reached XP level 2. HP: 24/26 MP: 0/2
   185 | D:1      | Reached skill level 1 in Fighting
   379 | D:1      | Reached XP level 3. HP: 33/33 MP: 2/4
   685 | D:1      | Found a faded altar of an unknown god.
  1418 | D:2      | Reached XP level 4. HP: 41/41 MP: 5/5
  1570 | D:1      | Learned a level 2 spell: Wereblood
  1574 | D:1      | Learned a level 3 spell: Spider Form
  2457 | D:2      | Reached skill level 4 in Unarmed Combat
  2640 | D:2      | Reached XP level 5. HP: 28/49 MP: 4/6
  2836 | D:3      | Noticed Jessica
  2840 | D:3      | Killed Jessica
  3038 | D:3      | Noticed Sigmund
  3049 | D:3      | Killed Sigmund
  3050 | D:3      | Reached skill level 5 in Unarmed Combat
  3050 | D:3      | Reached XP level 6. HP: 48/59 MP: 7/7
  3566 | D:4      | Found a staircase to the Ecumenical Temple.
  3588 | Temple   | Entered the Ecumenical Temple
  3976 | D:4      | Reached XP level 7. HP: 28/60 MP: 3/8
  3991 | D:4      | Slain by a wight

Illustrated notes

Levels and vault maps discovered:
D:1:      dpeg_arrival_morbid_curiosity, layout_basic,
          dreamdust_ecumenical_altar_angels_and_demons, feat_on_display
D:2:      layout_basic
D:3:      layout_loops_ring, uniq_sigmund, uniq_jessica
D:4:      layout_basic, kennysheep_mini, nicolae_ru_the_path_less_chosen,
          minmay_temple_entry_large_hall
Temple:   kb_corrupted_temple

Skill      XL: |  1  2  3  4  5  6  7 |
---------------+----------------------+-----
Fighting       | 1 2 |  2.9
Transmutations | 2 3 4 |  4.0
Unarmed Combat | 4 5 |  5.7
Dodging        | |  1.5
Spellcasting   | |  1.6

Action                   |  1- 3 |  4- 6 |  7- 9 || total
-------------------------+-------+-------+-------++-------
Melee: Unarmed           |    86 |   105 |    15 ||   206
       Headbutt          |     4 |    12 |     2 ||    18
       Kick              |     5 |    19 |       ||    24
       Punch             |       |     1 |       ||     1
Throw: Javelin           |       |     3 |       ||     3
 Cast: Beastly Appendage |    16 |    26 |     1 ||    43
       Wereblood         |       |     1 |       ||     1
  Use: Scroll            |       |     8 |       ||     8
 Stab: Sleeping          |       |     1 |       ||     1
Armor: Robe              |    47 |    29 |       ||    76
Dodge: Dodged            |    55 |    65 |     5 ||   125
